 Dungeon Crawl Stone Soup version 0.30-a0-331-g8ab09dc (webtiles) character file.

Game seed: 18278229926397667499

95569 PurpleRed the Severer (level 16, 0/151 HPs)
             Began as a Ghoul Wanderer on Oct 29, 2022.
             Was the Champion of Okawaru.
             Slain by a wolf spider (10 damage)
             ... on level 2 of the Spider Nest.
             The game lasted 01:12:01 (22679 turns).

PurpleRed the Severer (Ghoul Wanderer)             Turns: 22679, Time: 01:12:02

Health: 0/151      AC: 18    Str: 40      XL:     16   Next: 14%
Magic:  7/24       EV: 16    Int: 12 (14) God:    Okawaru [******]
Gold:   2248       SH:  0    Dex:  8 (10) Spells: 17/18 levels left

rFire   . . .      SeeInvis +    p - +2 executioner's axe (flame)
rCold   + . .      Faith    .    (shield currently unavailable)
rNeg    + + +      Spirit   .    a - +4 chain mail "Vasastrost" {Int+3 Dex+4}
rPois   ∞          Reflect  .    O - +1 helmet "Yloehuest" {Str+5 Int-2}
rElec   .          Harm     .    v - +1 cloak {Stlth+}
rCorr   .          Rampage  ∞    G - +2 pair of gloves {Str+3}
Will    +....                    w - +3 pair of seven-league boots {Rampage+∞}
Stlth   +.........               m - amulet of Egirafos {RegenMP +Blink Int+7 Dex-4 SInv}
HPRegen 0.00/turn                K - +4 ring of evasion
MPRegen 0.59/turn                L - ring of the Winnowing Gods {rN+ Str+9}

@: heroic, corroded, inhibited regen, studying Invocations
A: claws 1, cold resistance 1, negative energy resistance 3, inhibited
regeneration, torment resistance 2, devour on kill
a: Renounce Religion, Evoke Blink, Heroism, Finesse, Duel


You were on level 2 of the Spider Nest.
You worshipped Okawaru.
Okawaru was exalted by your worship.
You visited 6 branches of the dungeon, and saw 25 of its levels.

You collected 3607 gold pieces.
You spent 1359 gold pieces at shops.

Inventory:

Hand Weapons
 e - the +6 sling "Gyappyol" {drain, Str+3 Dex+4}
   (You found it on level 11 of the Dungeon)

   A truly terrible weapon, it drains the life of any living foe it strikes.
   Str:       It affects your strength (+3).
   Dex:       It affects your dexterity (+4).
 j - the +2 hand axe of Fatigue {elec, rElec rN+}
   (Okawaru gifted it to you on level 2 of the Orcish Mines)

   It occasionally discharges a powerful burst of electricity upon striking a
   foe.
   rElec:     It insulates you from electricity.
   rN:        It protects you from negative energy.
 p - a +2 executioner's axe of flaming (weapon)
 z - a +4 vampiric war axe
 S - a +1 battleaxe of draining
Missiles
 b - a throwing net (quivered)
 x - 2 javelins
 P - 3 boomerangs of dispersal
 Z - a silver javelin
Armour
 a - the +4 chain mail "Vasastrost" (worn) {Int+3 Dex+4}
   (You found it on level 7 of the Dungeon)

   Int:       It affects your intelligence (+3).
   Dex:       It affects your dexterity (+4).
 g - a +0 kite shield
 v - a +1 cloak of stealth (worn)
 w - the +3 pair of seven-league boots (worn) {Rampage+∞}
   (You found it on level 13 of the Dungeon)

   Its wearer moves as far as possible in that direction when moving towards
   enemies.
 y - the +3 pair of mountain boots {steadfast, rC+}
   (You found it on level 4 of the Lair of Beasts)

   It prevents involuntary movement, except for blinking, teleportation, or
   banishment.
   rC:        It protects you from cold.
 G - a +2 pair of gloves of strength (worn)
 O - the +1 helmet "Yloehuest" (worn) {Str+5 Int-2}
   (Okawaru gifted it to you on level 2 of the Orcish Mines)

   Str:       It affects your strength (+5).
   Int:       It affects your intelligence (-2).
 X - a +1 chain mail of willpower
Jewellery
 d - a ring of resist corrosion
 h - a +4 ring of protection
 m - the amulet of Egirafos (around neck) {RegenMP +Blink Int+7 Dex-4 SInv}
   (You bought it in a shop on level 2 of the Orcish Mines)

   [amulet of magic regeneration]

   It increases your rate of magic regeneration.
   Int:       It affects your intelligence (+7).
   Dex:       It affects your dexterity (-4).
   SInv:      It lets you see invisible.
   +Blink:    It lets you blink.
 u - an amulet of reflection
 I - a ring of wizardry
 K - a +4 ring of evasion (left hand)
 L - the ring of the Winnowing Gods (right hand) {rN+ Str+9}
   (You found it on level 7 of the Dungeon)

   [ring of positive energy]

   Str:       It affects your strength (+9).
   rN:        It protects you from negative energy.
 U - a ring of fire
Wands
 o - a wand of roots (15)
 s - a wand of digging (5)
 H - a wand of acid (6)
 Q - a wand of paralysis (8)
Scrolls
 c - 9 scrolls of fog
 f - 5 scrolls of enchant armour
 q - 5 scrolls of enchant weapon
 D - 8 scrolls of teleportation
 E - 11 scrolls of identify
 F - 8 scrolls of fear
 J - 3 scrolls of blinking
 M - 2 scrolls of brand weapon
 N - 2 scrolls of torment
 R - 2 scrolls of poison
 T - 2 scrolls of magic mapping
Potions
 i - 10 potions of curing
 k - 3 potions of ambrosia
 l - 3 potions of haste
 n - a potion of might
 r - a potion of cancellation
 t - 3 potions of magic
 A - 11 potions of flight
 B - 4 potions of attraction
 C - 6 potions of heal wounds
 V - a potion of resistance
 W - 6 potions of brilliance
 Y - a potion of invisibility


   Skills:
 + Level 16.2(21.2) Fighting
 * Level 18.8(23.8) Axes
 - Level 1.0(6.0) Throwing
 - Level 8.0(13.0) Armour
 + Level 3.0(8.0) Dodging
 - Level 1.1(6.1) Stealth
 - Level 1.7 Spellcasting
 - Level 3.2 Fire Magic
 + Level 13.1 Invocations
 - Level 1.0 Evocations


You had 17 spell levels left.
You knew the following spells:

 Your Spells              Type           Power      Damage    Failure   Level
a - Foxfire               Conj/Fire      16%        2x1d4     36%         1

Your spell library contained the following spells:

 Spells                   Type           Power      Damage    Failure   Level
 Apportation              Tloc           2%         N/A       58%         1
 Freeze                   Ice            4%         1d3       58%         1
 Necrotise                Necr           4%         1d4       58%         1
 Slow                     Hex            4%         N/A       58%         1
 Sting                    Tmut/Pois      4%         1d3       58%         1
 Ensorcelled Hibernation  Hex/Ice        2%         N/A       73%         2
 Passwall                 Tmut/Erth      0%         N/A       73%         2
 Inner Flame              Hex/Fire       4%         N/A       75%         3
 Ignite Poison            Fire/Tmut/Pois 3%         N/A       80%         3
 Confusing Touch          Hex            1%         N/A       91%         3
 Dazzling Flash           Conj/Hex       2%         N/A       91%         3
 Frozen Ramparts          Ice            2%         1d1       91%         3
 Hailstorm                Conj/Ice       1%         3d3       91%         3
 Swiftness                Air            1%         N/A       91%         3
 Vampiric Draining        Necr           1%         2d6       91%         3
 Vhi's Electric Charge    Tloc/Air       2%         N/A       91%         3
 Flame Wave               Conj/Fire      4%         2d5       98%         4
 Anguish                  Hex/Necr       0%         N/A       100%        4
 Leda's Liquefaction      Hex/Erth       0%         N/A       100%        4
 Agony                    Necr           1%         N/A       100%        5
 Arcjolt                  Conj/Air       0%         1d10      100%        5
 Silence                  Hex/Air        0%         N/A       100%        5
 Yara's Violent Unravell  Hex/Tmut       0%         3d3       100%        5
 Iron Shot                Conj/Erth      0%         9d1       100%        6
 Maxwell's Capacitive Co  Air            0%         ∞         100%        8
 Summon Small Mammal      Summ           Unusable   N/A       N/A         1
 Spider Form              Tmut/Pois      Unusable   N/A       N/A         3
 Simulacrum               Ice/Necr       Unusable   N/A       N/A         6
 Summon Cactus Giant      Summ           Unusable   N/A       N/A         6

Dungeon Overview and Level Annotations

Branches:
Dungeon (13/15)            Temple (1/1) D:4            Lair (5/5) D:11
  Swamp (1/4) Lair:3       Spider (3/4) Lair:2        Slime (0/5) Lair:4
    Orc (2/2) D:11            Elf (0/3) Orc:2        Vaults (0/5) D:13

Altars:
Ashenzari
Cheibriados
Dithmenos
Fedhas
Gozag
Hepliaklqana
Kikubaaqudgha
Makhleb
Nemelex Xobeh
Okawaru
Qazlal
Ru
Sif Muna
Trog
Uskayaw
Vehumet
Wu Jian
Xom
Yredelemnul
Jiyva

Shops:
D:5 :   D:11 (   Orc:2 *:[[

Portals:
Abyss: Lair:1

Annotations:
Lair:1 2 transporters, bobfrom10's ghost, journeyman DESu


Innate Abilities, Weirdness & Mutations

You are immune to poison.
You have sharp fingernails.
Your flesh is cold resistant. (rC+)
You are immune to negative energy. (rN+++)
You do not regenerate when monsters are visible.
You are immune to unholy pain and torment.
You thrive by killing the living.


Message History

* * * LOW HITPOINT WARNING * * *
The wolf spider barely misses you. The wolf spider bites you.
* * * LOW HITPOINT WARNING * * *
The wolf spider hits you!
* * * LOW HITPOINT WARNING * * *
The wolf spider misses you. The tarantella misses you.
You slice the tarantella!! You burn the tarantella!
You kill the tarantella!
Okawaru accepts your kill.
You slice the wolf spider!! You burn the wolf spider.
You kill the wolf spider!
Okawaru accepts your kill.
You feel better.
You barely miss the wolf spider. The wolf spider closely misses you.
The wolf spider barely misses you.
Your base Dodging skill increases to level 3!
You barely miss the wolf spider.
The wolf spider is heavily wounded.
The wolf spider hits you but does no damage.
The wolf spider bites you.
* * * LOW HITPOINT WARNING * * *
You hit the wolf spider but do no damage.
The wolf spider is moderately wounded.
The wolf spider hits you.
* * * LOW HITPOINT WARNING * * *
The wolf spider closely misses you.
You slash the wolf spider! You burn the wolf spider.
The wolf spider is severely wounded.
The wolf spider hits you!
* * * LOW HITPOINT WARNING * * *
The wolf spider bites you.
* * * LOW HITPOINT WARNING * * *
The wolf spider misses you. The wolf spider completely misses you.
You closely miss the wolf spider.
The wolf spider is severely wounded.
The wolf spider barely misses you. The wolf spider bites you!
* * * LOW HITPOINT WARNING * * *
You feel much better. The wolf spider hits you!
* * * LOW HITPOINT WARNING * * *
The wolf spider bites you!
You die...

...##..###..##^##..##..#####....#
....#.#####....#.#.^#### ##...##
......# #.....####.## #.....#
...†..####..####....# ###^..#
#.##..#..##....#...## #....#
####...........##...# ##...#
..###.###..#....##.## #^#^..
####.##.#..###...##.# #####.
..^###......##.s@#..# #.
....#.....#..#.†.#..# ##
..^.#....##..##..####### #.
#...###.########..####.#### ##
#..#####^##......##..#.#..# #
###...###.#......#.......## #
..##.^#.###........#......#
...#....##.##..#...####.#.#
#################### #####


You could see a wolf spider.

Vanquished Creatures
  2 ghost moths
  2 emperor scorpions (Spider:1)
  4 spark wasps (Spider:2)
  Josephine (D:12)
  2 entropy weavers (Spider:1)
  An entropy weaver (shapeshifter) (D:13)
  A hydra (Lair:4)
  Harold (Lair:1)
  2 vault guards (D:13)
  A radroach (Spider:1)
  A catoblepas (Lair:3)
  5 two-headed ogres
  A boulder beetle (Spider:1)
  A jorogumo (Spider:1)
  5 centaur warriors
  An alligator (Swamp:1)
  A death scarab (Spider:1)
  2 tengu warriors (D:12)
  A death yak (Lair:5)
  An orc high priest (Orc:2)
  A steelbarb worm (Spider:1)
  8 orb spiders
  3 deep elf pyromancers
  A phantasmal warrior (D:13)
  A lindwurm (Lair:5)
  9 orc knights
  5 wolf spiders
  An orc sorcerer (Orc:2)
  3 manticores
  2 moths of wrath
  A will-o-the-wisp (Swamp:1)
  4 cyclopes
  2 ugly things
  Joseph (D:8)
  2 black mambas
  2 guardian serpents
  3 torpor snails
  3 unseen horrors
  Psyche (D:8)
  A gargoyle (D:10)
  Maggie (D:7)
  5 cane toads
  7 komodo dragons
  7 demonic crawlers
  2 rime drakes
  A kobold demonologist (D:11)
  A yaktaur (D:12)
  2 efreet
  A meliai (Spider:1)
  6 trolls
  7 hornets
  7 polar bears
  2 blink frogs (Lair:1)
  3 slime creatures (D:12)
  19 tarantellas
  Prince Ribbit (Lair:1)
  5 dream sheep
  5 saltlings (Orc:2)
  17 spriggans
  16 jumping spiders
  17 culicivoras
  9 wraiths
  2 water elementals (D:13)
  3 shadows
  10 humans (D:13)
  2 wyverns
  28 yaks
  2 basilisks (Lair:5)
  27 redbacks
  A steam dragon (D:8)
  3 vampire mosquitoes
  Edmund (D:4)
  7 wargs
  10 water moccasins
  A swamp worm (Swamp:1)
  3 sky beasts
  An ice beast (D:8)
  23 orc warriors
  2 black bears
  4 boggarts
  42 wolves
  An ogre (Orc:2)
  7 centaurs
  2 phantoms
  2 kobold brigands
  9 bullfrogs
  A necrophage (D:5)
  4 gnoll sergeants
  5 scorpions
  7 wights
  9 killer bees
  7 howler monkeys
  2 electric eels
  10 hounds
  3 gnoll boudas
  Crazy Yiuf (D:3)
  4 jellies
  14 orc priests
  Jessica (D:3)
  4 hell rats (Lair:4)
  6 iguanas
  29 orc wizards
  21 gnolls
  3 adders
  A shadow imp (D:7)
  A white imp (D:6)
  3 worms
  A dart slug (D:4)
  81 orcs
  2 ball pythons (D:2)
  4 endoplasms
  6 giant cockroaches
  6 goblins
  11 hobgoblins
  3 jackals
  2 quokkas (D:4)
  6 bats
  3 frilled lizards
  25 kobolds
  2 rats (D:1)
  6 pillars of salt (Orc:2)
718 creatures vanquished.

Vanquished Creatures (others)
  A tarantella (Spider:1)
  34 foxfires
  13 fungi
  47 plants
95 creatures vanquished.

Grand Total: 813 creatures vanquished

Notes
Turn   | Place    | Note
-------+----------+-------------------------------------------
     0 | D:1      | PurpleRed the Ghoul Wanderer began the quest for the Orb.
     0 | D:1      | PurpleRed set off with the following items: a +0 dagger, 6
                  | boomerangs, a scroll of fog, a +0 leather armour; and the
                  | following spells available to memorise: Foxfire, Sting,
                  | Inner Flame, Ignite Poison, Flame Wave.
     0 | D:1      | Reached XP level 1. HP: 14/14 MP: 2/2
     2 | D:1      | Learned a level 1 spell: Foxfire
   137 | D:1      | Reached skill level 1 in Fighting
   207 | D:1      | Reached XP level 2. HP: 15/24 MP: 1/3
   696 | D:1      | Got Wiazuj's Compilation of Malediction and the Boulder
   921 | D:2      | Reached XP level 3. HP: 28/30 MP: 2/4
  1089 | D:2      | Reached skill level 1 in Axes
  1331 | D:2      | Found a faded altar of an unknown god.
  1687 | D:2      | Reached XP level 4. HP: 36/38 MP: 5/5
  2060 | D:3      | Reached skill level 2 in Axes
  2340 | D:3      | Identified the +0 robe "Coasi" {Str+2 Int+3}
  2677 | D:3      | Noticed Jessica
  2686 | D:3      | Killed Jessica
  2687 | D:3      | Reached XP level 5. HP: 45/45 MP: 4/6
  2712 | D:3      | Found a runed translucent door.
  2713 | D:3      | Noticed Crazy Yiuf
  2801 | D:4      | Found a staircase to the Ecumenical Temple.
  2811 | Temple   | Entered the Ecumenical Temple
  2845 | Temple   | Became a worshipper of Warmaster Okawaru
  2880 | D:4      | Found a sparkling altar of Nemelex Xobeh.
  2899 | D:4      | Reached skill level 3 in Axes
  2993 | D:4      | Reached XP level 6. HP: 52/52 MP: 7/7
  3138 | D:4      | Found a bloodstained altar of Trog.
  3268 | D:5      | Entered Level 5 of the Dungeon
  3284 | D:5      | Noticed Edmund
  3541 | D:5      | Reached skill level 4 in Axes
  3624 | D:5      | Reached * piety under Okawaru
  3625 | D:5      | Reached skill level 1 in Invocations
  3629 | D:5      | Reached XP level 7. HP: 60/60 MP: 8/8
  3658 | D:5      | Reached skill level 5 in Fighting
  3767 | D:5      | Reached skill level 5 in Axes
  3861 | D:5      | Found Suneiriq's Vocational Training.
  3880 | D:5      | Reached ** piety under Okawaru
  3952 | D:5      | Reached XP level 8. HP: 48/69 MP: 0/9
  4245 | D:5      | Reached skill level 6 in Axes
  4694 | D:5      | Identified a scroll of acquirement
  4694 | D:5      | Acquired 911 gold pieces
  4791 | D:5      | Bought a manual of Invocations for 880 gold pieces
  4906 | D:4      | Killed Edmund
  5036 | D:3      | Killed Crazy Yiuf
  5196 | D:6      | Reached *** piety under Okawaru
  5197 | D:6      | Reached skill level 5 in Invocations
  5300 | D:6      | Reached skill level 7 in Axes
  5428 | D:6      | Reached XP level 9. HP: 78/78 MP: 12/12
  5745 | D:6      | Found a basalt altar of Yredelemnul.
  5951 | D:7      | Identified the ring of the Winnowing Gods {rN+ Str+9}
  5998 | D:7      | Reached **** piety under Okawaru
  5999 | D:7      | Reached skill level 8 in Axes
  6096 | D:7      | Identified the +4 chain mail "Vasastrost" {Int+3 Dex+4}
  6176 | D:7      | Noticed Maggie
  6198 | D:7      | Killed Maggie
  6489 | D:7      | Reached XP level 10. HP: 87/88 MP: 15/15
  6600 | D:7      | Found an ancient bone altar of Kikubaaqudgha.
  6760 | D:8      | Noticed Joseph
  6799 | D:8      | Reached skill level 9 in Axes
  6856 | D:8      | Killed Joseph
  7008 | D:8      | Found a shimmering altar of Xom.
  7134 | D:8      | Reached ***** piety under Okawaru
  7172 | D:8      | Noticed Psyche
  7176 | D:8      | Paralysed by Psyche for 3 turns
  7186 | D:8      | Killed Psyche
  7340 | D:9      | Found a blossoming altar of Fedhas.
  7549 | D:9      | Found a stormy altar of Qazlal.
  7593 | D:9      | Found a burning altar of Makhleb.
  7944 | D:9      | Found a hazy altar of Hepliaklqana.
  8026 | D:10     | Entered Level 10 of the Dungeon
  8044 | D:10     | Noticed a gargoyle
  8058 | D:10     | Killed a gargoyle
  8059 | D:10     | Reached skill level 10 in Axes
  8059 | D:10     | Reached skill level 10 in Invocations
  8610 | D:10     | Reached XP level 11. HP: 65/97 MP: 17/17
  8791 | D:11     | Found a staircase to the Lair.
  8855 | D:11     | Noticed a soul eater
  8891 | D:11     | Identified the +6 sling "Gyappyol" {drain, Str+3 Dex+4}
  8985 | D:11     | Noticed a manticore
  8995 | D:11     | Killed a manticore
  9089 | D:11     | Noticed a two-headed ogre
  9107 | D:11     | Killed a two-headed ogre
  9108 | D:11     | Reached skill level 11 in Axes
  9108 | D:11     | Reached skill level 5 in Armour
  9212 | D:11     | Noticed an orc knight
  9248 | D:11     | Reached skill level 10 in Fighting
  9257 | D:11     | Killed an orc knight
  9257 | D:11     | Reached ****** piety under Okawaru
  9261 | D:11     | Received a gift from Okawaru
  9276 | D:11     | Found a staircase to the Orcish Mines.
  9352 | D:11     | Found Faux's Weapon Shop.
  9802 | Lair:1   | Entered Level 1 of the Lair of Beasts
  9803 | Lair:1   | You fall into a shaft and drop 1 floor!
  9938 | Lair:1   | Noticed Harold
  9967 | Lair:1   | Killed Harold
  9973 | Lair:1   | Received a gift from Okawaru
  9983 | Lair:1   | Noticed Prince Ribbit
  9995 | Lair:1   | Killed Prince Ribbit
  9996 | Lair:1   | Reached skill level 12 in Axes
 10069 | Lair:1   | Found a transporter.
 10084 | Lair:1   | Noticed a red ugly thing
 10084 | Lair:1   | Noticed a hell hog
 10085 | Lair:1   | Noticed bobfrom10's ghost (journeyman DESu)
 10086 | Lair:1   | Found a transporter.
 10158 | Lair:1   | Found a one-way gate to the infinite horrors of the Abyss.
 10355 | Lair:1   | Reached XP level 12. HP: 65/108 MP: 18/18
 10659 | Orc:1    | Entered Level 1 of the Orcish Mines
 10674 | Orc:1    | Noticed a two-headed ogre
 10693 | Orc:1    | Killed a two-headed ogre
 10693 | Orc:1    | Received a gift from Okawaru
 11397 | Orc:2    | Entered Level 2 of the Orcish Mines
 11434 | Orc:2    | Reached skill level 13 in Axes
 11461 | Orc:2    | Found a staircase to the Elven Halls.
 11621 | Orc:2    | Noticed a two-headed ogre
 11652 | Orc:2    | Killed a two-headed ogre
 11659 | Orc:2    | Identified the +2 hand axe of Fatigue {elec, rElec rN+}
                  | (Okawaru gifted it to you on level 2 of the Orcish Mines)
 11659 | Orc:2    | Received a gift from Okawaru
 12201 | Orc:2    | Noticed an orc high priest
 12234 | Orc:2    | Reached skill level 14 in Axes
 12247 | Orc:2    | Killed an orc high priest
 12286 | Orc:2    | Found Sinnuin's Antique Armour Shop.
 12288 | Orc:2    | Found Fyucea's Antique Armour Shop.
 12310 | Orc:2    | Reached XP level 13. HP: 113/119 MP: 19/19
 12343 | Orc:2    | Identified the +1 helmet "Yloehuest" {Str+5 Int-2} (Okawaru
                  | gifted it to you on level 2 of the Orcish Mines)
 12343 | Orc:2    | Received a gift from Okawaru
 12381 | Orc:2    | Found Daotifitha's Assorted Antiques.
 12386 | Orc:2    | Bought a bound golden amulet for 135 gold pieces
 12386 | Orc:2    | Identified the amulet of Egirafos {RegenMP +Blink Int+7
                  | Dex-4 SInv} (You bought it in a shop on level 2 of the
                  | Orcish Mines)
 12712 | Orc:2    | Found Afe Kosm's Book Boutique.
 12743 | Orc:2    | Bought a pair of glowing gloves for 172 gold pieces
 12743 | Orc:2    | Bought a runed cloak for 172 gold pieces
 13041 | Lair:2   | Found a hole to the Spider Nest.
 13584 | Lair:3   | Reached skill level 15 in Axes
 13999 | Lair:3   | Found a staircase to the Swamp.
 14350 | Lair:4   | Found the +3 pair of mountain boots {steadfast, rC+}
 14775 | Lair:4   | Identified the +1 pair of gloves "Acos" {rN+ Stlth+}
 14947 | Lair:4   | Found a viscous altar of Jiyva.
 14947 | Lair:4   | Found a staircase to the Slime Pits.
 15130 | Lair:5   | Entered Level 5 of the Lair of Beasts
 15394 | Lair:5   | Reached skill level 16 in Axes
 15394 | Lair:5   | Received a gift from Okawaru
 15408 | Lair:5   | Reached XP level 14. HP: 42/130 MP: 18/21
 16748 | D:12     | Identified the +1 hand axe of Karma {vorpal, Dex+3}
                  | (Okawaru gifted it to you on level 12 of the Dungeon)
 16748 | D:12     | Received a gift from Okawaru
 16905 | D:12     | Noticed Josephine
 16912 | D:12     | Killed Josephine
 17767 | D:12     | Got Sophisticated Casting
 18002 | D:13     | Identified the +0 pair of boots of Tulips {rC+} (Okawaru
                  | gifted it to you on level 13 of the Dungeon)
 18002 | D:13     | Received a gift from Okawaru
 18147 | D:13     | Reached skill level 17 in Axes
 18431 | D:13     | Found a gate to the Vaults.
 18523 | D:13     | Found the +3 pair of seven-league boots {Rampage+∞}
 18626 | D:13     | Reached skill level 15 in Fighting
 18626 | D:13     | Reached XP level 15. HP: 88/141 MP: 23/23
 19063 | Swamp:1  | Entered Level 1 of the Swamp
 19259 | Spider:1 | Entered Level 1 of the Spider Nest
 19733 | Spider:1 | Identified the +2 robe of Starshine {Contam Harm Slay+5
                  | Stlth+} (Okawaru gifted it to you on level 1 of the Spider
                  | Nest)
 19733 | Spider:1 | Received a gift from Okawaru
 19733 | Spider:1 | Noticed an emperor scorpion
 19745 | Spider:1 | Killed an emperor scorpion
 19897 | Spider:1 | Reached skill level 18 in Axes
 20224 | Spider:1 | Noticed an emperor scorpion
 20233 | Spider:1 | Killed an emperor scorpion
 20728 | Spider:2 | Reached skill level 1 in Dodging
 20814 | Spider:2 | Noticed a ghost moth
 20821 | Spider:2 | Killed a ghost moth
 21560 | Spider:2 | Identified the +3 buckler of the Armoured One {rC- rN+++
                  | rCorr Slay+3} (Okawaru gifted it to you on level 2 of the
                  | Spider Nest)
 21560 | Spider:2 | Received a gift from Okawaru
 22166 | Spider:2 | Reached XP level 16. HP: 93/151 MP: 24/24
 22678 | Spider:2 | HP: 6/151 [wolf spider (8)]
 22679 | Spider:2 | Slain by a wolf spider

Illustrated notes

Levels and vault maps discovered:
D:1:      psy_arrival_whirlpool, layout_basic, minmay_misc_feat_nine_boxes
D:2:      layout_basic, hellmonk_ecumenical_altar_zigzags
D:3:      layout_loops_ring, uniq_jessica, uniq_crazy_yiuf_cottage
D:4:      layout_rooms, mainiacjoe_overflow_brackets, bloody_trog,
          minmay_temple_entry_glass
D:5:      kennysheep_kobold_camp, layout_cave_pools, serial_gnoll_camp,
          gnoll_camp_mini_loothouse, gnoll_camp_mini_basic, gnoll_camp_mini_hut,
          gnoll_camp_mini_hut, grunt_ministairs_3,
          hangedman_abyss_or_decor_stagger, nicolae_shop_vocational, uniq_edmund
D:6:      layout_basic, mainiacjoe_overflow_six_doors_small,
          kennysheep_generic_room_15
D:7:      layout_gridville, mainiacjoe_overflow_chevrons, due_unseen_surprise,
          uniq_maggie
D:8:      layout_rooms, kennysheep_mini_moat, overflow_temple_1_default,
          uniq_joseph, uniq_psyche
D:9:      layout_cave_pools, fedhas_altar_4, nzn_hepliaklqana_mist_gate,
          mainiacjoe_overflow_catwalk_spiral, kennysheep_generic_room_14
D:10:     layout_rooms, zin_academy, chequers_serial_rivers_room_a
D:11:     layout_roguey, david_lair_shrubbed, orc_david_3
D:12:     minmay_the_grid_triangle_9x9_line_8_mashed
          [minmay_the_grid_triangle_9x9_swiss_cheese,
          minmay_the_grid_triangle_9x9_thin_v,
          minmay_the_grid_triangle_9x9_limited_checkers,
          minmay_the_grid_triangle_9x9_zippers_vertical,
          minmay_the_grid_triangle_9x9_from_above,
          minmay_the_grid_triangle_9x9_longest,
          minmay_the_grid_triangle_9x9_intruding_spiral,
          minmay_the_grid_triangle_9x9_prize_center], layout_irregular_city,
          nrook_guardian_serpent_double, uniq_josephine
D:13:     layout_basic, ximxim_vaults_locker_room, serial_bayou_ford_a,
          hellmonk_guarded_unrand_seven_league_boots
Temple:   chequers_temple_sunken
Lair:1:   layout_hall_layers, gammafunk_ghost_abyssal_escape,
          dreamdust_gnoll_shepherd, grunt_megastairs_4, lemuel_fruit_tree,
          uniq_prince_ribbit2, uniq_harold
Lair:2:   layout_chaotic_city, spider_nest_entry_web_field,
          chequers_serial_rivers_room_b
Lair:3:   layout_chaotic_city, swamp_mist
Lair:4:   layout_gridlike, slime_entry_1, grunt_forest_large_clearings,
          infiniplex_staircase_pool, grunt_megastairs_2
Lair:5:   minmay_lair_end_enchanted_forest, layout_regular_city,
          chequers_serial_rivers_large_b
Swamp:1:  layout_basic_swamp, nicolae_swamp_little_tower
Spider:1: nicolae_spider_hilbert_zone_4 [nicolae_spider_hilbert_4_sides_2_open,
          nicolae_spider_hilbert_4_sides_1_open,
          nicolae_spider_hilbert_4_sides_1_open,
          nicolae_spider_hilbert_4_sides_1_open,
          nicolae_spider_hilbert_4_sides_1_open,
          nicolae_spider_hilbert_2_sides_1_open,
          nicolae_spider_hilbert_2_sides_1_open,
          nicolae_spider_hilbert_2_sides_1_open,
          nicolae_spider_hilbert_2_sides_1_open,
          nicolae_spider_hilbert_6_sides_1_open,
          nicolae_spider_hilbert_6_sides_1_open,
          nicolae_spider_hilbert_3_sides_1_open,
          nicolae_spider_hilbert_3_sides_1_open]
Spider:2: layout_spider_delve, drop_trap, nicolae_spider_paper_wasps
Spider:3: layout_spider_delve
Orc:1:    layout_caves, basic_altar
Orc:2:    hellmonk_orc_salted, layout_caves, nooodl_orcs_dogs

Skill      XL: |  1  2  3  4  5  6  7  8  9 10 11 12 13 14 15 16 |
---------------+-------------------------------------------------+-----
Fighting       | 1 2 3 4 5 6 7 9 10 12 13 15 16 | 16.2
Axes           | 1 2 3 4 5 7 8 10 12 14 16 17 18 | 18.8
Invocations    | 1 3 5 8 10 11 12 13 | 13.1
Armour         | 2 4 5 7 8 |  8.0
Dodging        | 2 3 |  3.0
Throwing       | |  1.0
Stealth        | |  1.1
Spellcasting   | |  1.7
Fire Magic     | |  3.2
Evocations     | |  1.0

Action                   |  1- 3 |  4- 6 |  7- 9 | 10-12 | 13-15 | 16-18 || total
-------------------------+-------+-------+-------+-------+-------+-------++-------
Melee: Dagger            |    71 |       |       |       |       |       ||    71
       Unarmed           |    21 |       |       |       |       |       ||    21
       Hand axe          |    44 |    61 |   391 |   229 |    18 |       ||   743
       Punch             |     3 |       |     1 |       |       |       ||     4
       Demon whip        |       |    42 |       |       |       |       ||    42
       War axe           |       |       |    15 |       |       |       ||    15
       Battleaxe         |       |       |       |   445 |   841 |       ||  1286
       Executioner's axe |       |       |       |       |    48 |    49 ||    97
Throw: Boomerang         |       |     7 |       |       |       |       ||     7
       Dart              |       |     2 |       |     5 |       |       ||     7
       Javelin           |       |       |     3 |     3 |       |       ||     6
 Cast: Foxfire           |    17 |     2 |       |       |       |       ||    19
Invok: Heroism           |       |       |     2 |    12 |     8 |     2 ||    24
       Finesse           |       |       |       |     1 |       |       ||     1
Evoke: Wand              |       |     1 |     3 |       |       |       ||     4
  Use: Scroll            |       |    17 |     3 |    11 |     5 |       ||    36
       Potion            |       |     1 |       |     1 |       |     1 ||     3
Armor: Leather armour    |    58 |       |       |       |       |       ||    58
       Ring mail         |    13 |    40 |   126 |       |       |       ||   179
       Chain mail        |       |       |    19 |   384 |   663 |    63 ||  1129
Dodge: Dodged            |    92 |    42 |   123 |   242 |   504 |    74 ||  1077
Block: Other             |       |    19 |    12 |   106 |   204 |       ||   341
       Reflection        |       |     1 |     5 |     8 |     5 |       ||    19
       Buckler           |       |       |    81 |    50 |       |       ||   131

Table legend: (Time is in decaauts)
 A = Elapsed time spent in this place.
 B = Non-inter-level travel time spent in this place.
 C = Inter-level travel time spent in this place.
 D = Time resting spent in this place.
 E = Time spent auto-exploring this place.
 F = Levels seen in this place.
 G = Mean time per level.
                   A        B        C        D        E       F      G
               +--------+--------+--------+--------+--------+-----+--------+
         Total |  22590 |  21184 |   1406 |   1329 |  14264 |  25 |  903.6 |
       Dungeon |  12463 |  11681 |    782 |    790 |   7467 |  13 |  958.7 |
        Temple |     61 |     61 |      0 |      0 |      0 |   1 |   61.0 |
          Lair |   4605 |   4197 |    408 |      0 |   3358 |   5 |  921.0 |
         Swamp |    155 |    147 |      8 |      0 |    105 |   1 |  155.0 |
   Spider Nest |   3359 |   3274 |     85 |    239 |   2480 |   3 | 1119.7 |
  Orcish Mines |   1945 |   1824 |    121 |    300 |    853 |   2 |  972.5 |
               +--------+--------+--------+--------+--------+-----+--------+

Top non-repeatable levels by time:
Spider:2: 1930 daAuts
    D:11: 1448 daAuts
Spider:1: 1408 daAuts
  Lair:5: 1364 daAuts
     D:5: 1302 daAuts
    D:12: 1286 daAuts
     D:3: 1151 daAuts
   Orc:2: 1137 daAuts
     D:2: 1032 daAuts
    D:13: 1017 daAuts
     D:1: 914 daAuts
     D:7: 859 daAuts
  Lair:3: 848 daAuts
  Lair:1: 828 daAuts
     D:6: 814 daAuts
